AoeStats
← Patoown

Arena

506014062Analyzed
3v3 RM · 20d ago on Sep 12, 2026· 82m 4s· 6 players
Game mode
Random Map
Map size
Normal (6 player)
Population
200
Speed
Normal
Resources
Standard
Victory
Conquest
Starting age
Dark Age
Ending age
Imperial Age
RankedLock teamsTeams togetherTeam positionsShared explorationLock speedFull tech treeHidden civsTurbo modeCheats
Victory
Defeat
🇨🇱 Maya · Chile
837
+15
🇨🇱 Magyars · Chile
789
+17
🇨🇱 Turks · Chile
763
+19
🇲🇽 Hindustanis · Mexico
875
-19
🇵🇪 Khmer · Peru
828
-17
🇯🇵 Vietnamese · Japan
764
-15
Player Kuroashi
10:18 Feudal Age
11:29 Double-Bit Axe
17:29 Castle Age
15:45 Loom
16:32 Stone Mining
18:38 Bow Saw
22:42 Wheelbarrow
22:34 Scale Barding Armor
22:20 Fletching
25:11 Chain Barding Armor
24:46 Bodkin Arrow
32:04 Hand Cart
39:31 Corvinian Army
49:15 Imperial Age
48:10 Horse Collar
49:18 Elite Magyar Huszar
57:35 Conscription
63:01 Plate Barding Armor
65:52 Heavy Plow
71:42 Two-Man Saw
Patoown
8:14 Loom
10:42 Feudal Age
11:07 Double-Bit Axe
14:03 Wheelbarrow
14:42 Horse Collar
17:50 Castle Age
16:44 Town Watch
17:02 Fletching
17:12 Padded Archer Armor
17:18 Stone Mining
20:52 Bow Saw
21:38 Wheelbarrow
22:07 Wheelbarrow
27:13 Hand Cart
26:44 Town Watch
27:50 Heavy Plow
29:38 Masonry
30:47 Fervor
30:50 Town Patrol
32:08 Bodkin Arrow
32:28 Leather Archer Armor
32:36 Ballistics
36:45 Imperial Age
35:07 Gold Mining
35:49 Leather Archer Armor
35:17 Treadmill Crane
39:25 Conscription
40:43 Bracer
41:13 Ring Archer Armor
40:16 Elite Janissary
41:51 Hoardings
61:08 Two-Man Saw
67:00 Squires
67:04 Scale Mail Armor
67:14 Forging
68:06 Arson
Dj Jet CL
0:26 Loom
10:38 Feudal Age
14:51 Castle Age
13:32 Stone Mining
14:37 Double-Bit Axe
20:49 Fletching
22:10 Treadmill Crane
28:02 Bodkin Arrow
28:54 Padded Archer Armor
30:06 Wheelbarrow
29:52 Horse Collar
31:35 Gold Mining
36:17 Imperial Age
34:58 Forging
34:48 Scale Mail Armor
35:21 Eagle Warrior
37:25 Stone Shaft Mining
40:14 Elite Eagle Warrior
41:22 Hand Cart
42:39 Conscription
43:09 Leather Archer Armor
42:55 Bracer
43:07 Heavy Plow
43:19 Bow Saw
43:38 Ballistics
44:28 Hul'che Javelineers
45:42 Two-Man Saw
45:04 Fortified Wall
45:37 Crop Rotation
46:21 Town Watch
47:15 Ring Archer Armor
47:21 Iron Casting
47:01 Chain Mail Armor
48:51 Holcans
49:55 Squires
49:41 Arson
51:31 Elite Skirmisher
52:16 Thumb Ring
53:23 Town Patrol
54:02 Plate Mail Armor
54:35 Blast Furnace
56:51 Chemistry
60:55 Pikeman
62:00 Halberdier
ocelopilli Luis
0:47 Loom
13:19 Feudal Age
16:08 Double-Bit Axe
16:12 Horse Collar
19:20 Castle Age
20:45 Bow Saw
20:38 Heavy Plow
30:23 Imperial Age
28:18 Gold Mining
28:21 Stone Mining
29:16 Wheelbarrow
28:27 Town Watch
31:44 Gold Shaft Mining
31:50 Stone Shaft Mining
31:41 Conscription
31:26 Grand Trunk Road
31:33 Husbandry
31:44 Bloodlines
30:55 Heavy Camel Rider
33:25 Two-Man Saw
33:24 Shatagni
34:39 Scale Barding Armor
34:44 Forging
34:34 Padded Archer Armor
34:25 Fletching
35:12 Hand Cart
34:58 Town Patrol
35:42 Chain Barding Armor
35:47 Imperial Camel Rider
37:38 Chemistry
37:01 Ballistics
36:13 Elite Skirmisher
37:07 Thumb Ring
36:54 Imperial Skirmisher
37:36 Bodkin Arrow
38:01 Leather Archer Armor
39:44 Bracer
40:26 Iron Casting
41:09 Siege Engineers
41:15 Masonry
59:02 Murder Holes
64:08 Scale Mail Armor
65:09 Blast Furnace
64:40 Ring Archer Armor
64:45 Plate Barding Armor
65:22 Elite Ghulam
76:35 Chain Mail Armor
war_xtreme
2:41 Loom
17:00 Feudal Age
20:58 Castle Age
22:01 Double-Bit Axe
32:40 Padded Archer Armor
32:30 Fletching
33:34 Tusk Swords
34:43 Leather Archer Armor
34:24 Bodkin Arrow
35:03 Gold Mining
43:34 Imperial Age
45:58 Pikeman
46:59 Scale Mail Armor
47:23 Arson
49:20 Ring Archer Armor
48:46 Bodkin Arrow
52:33 Chain Mail Armor
68:51 Bow Saw
73:51 Wheelbarrow
74:02 Town Watch
75:19 Gold Shaft Mining
78:06 Forging
79:31 Halberdier
Loopia
11:04 Loom
13:17 Feudal Age
15:11 Wheelbarrow
14:22 Town Watch
14:26 Double-Bit Axe
14:55 Horse Collar
18:07 Castle Age
19:05 Bow Saw
18:57 Heavy Plow
19:33 Hand Cart
34:48 Imperial Age
41:12 Two-Man Saw
55:06 Squires
58:09 Crop Rotation
59:24 Pikeman
61:08 Crossbowman
62:19 Elite Skirmisher
63:31 Thumb Ring
64:34 Chemistry
64:51 Forging
64:36 Fletching
64:20 Imperial Skirmisher
66:51 Ballistics
67:54 Town Patrol
68:56 Caravan
69:51 Bodkin Arrow
71:30 Halberdier
73:37 Padded Archer Armor
Connection lost

Rejoining the realm…

Still unreachable

The connection could not be restored.

Session expired

The server has moved on; the page needs a fresh start.